 Dungeon Crawl Stone Soup version 0.24-a0-525-g9231cdcba1 (webtiles) character file.

Game seed: 10178747038808142301

608 Gargoyl the Skirmisher (level 7, 0/58 HPs)
             Began as a Centaur Abyssal Knight on Aug 4, 2019.
             Was a Priest of Lugonu.
             Slain by a crocodile (11 damage)
             ... in a sewer.
             The game lasted 00:07:02 (2955 turns).

Gargoyl the Skirmisher (Centaur Abyssal Knight)     Turns: 2955, Time: 00:07:03

Health: 0/58       AC:  9    Str: 15    XL:     7   Next: 19%
Magic:  9/9        EV: 14    Int: 11    God:    Lugonu [***...]
Gold:   138        SH:  0    Dex: 18    Spells: 6/6 levels left

rFire    . . .     SeeInvis .   a - +1 hand axe
rCold    . . .     Gourm    .   (no shield)
rNeg     . . .     Faith    .   q - +1 ring mail of Beyond {Dex+3} (curse)
rPois    .         Spirit   .   l - +0 helmet
rElec    .         Reflect  .   f - +0 cloak
rCorr    .         Harm     .   (no gloves)
MR       +....                  (no barding)
Stlth    ++........             e - amulet of regeneration
HPRegen  0.59/turn              j - ring of protection from magic
MPRegen  0.11/turn              n - ring of flight (curse)

@: agile, very quick
A: large, hooves 3, deformed body, speed 2, tough skin 3
a: Depart the Abyss, Bend Space, Banish, Renounce Religion, Evoke Flight


You were in a sewer.
You worshipped Lugonu.
Lugonu was most pleased with you.
You were hungry.

You visited 1 branch of the dungeon, and saw 5 of its levels.
You visited the Abyss 1 time.
You also visited: Sewer.

You collected 138 gold pieces.

Inventory:

Hand Weapons
 a - a +1 hand axe (weapon)
Armour
 f - a +0 cloak (worn)
 l - a +0 helmet (worn)
 q - the cursed +1 ring mail of Beyond (worn) {Dex+3}
   (You found it on level 4 of the Dungeon)

   It affects your dexterity (+3).
   It has a curse placed upon it.
Jewellery
 e - an amulet of regeneration (around neck)
 j - a ring of protection from magic (left hand)
 n - a cursed ring of flight (right hand)
Wands
 p - a wand of random effects (17)
Scrolls
 d - a scroll of identify
 h - 2 scrolls of remove curse
Potions
 b - 2 potions of flight
 i - a potion of ambrosia {unknown}
 k - a potion of lignification {unknown}
 o - a potion of curing {unknown}
Comestibles
 c - 7 rations


   Skills:
 + Level 3.9 Fighting
 + Level 3.8 Axes
 * Level 3.5 Armour
 * Level 2.3 Dodging
 * Level 3.8 Invocations


You had 6 spell levels left.
You didn't know any spells.
Your spell library contained the following spells:

 Spells                   Type           Power        Failure   Level  Hunger
 Confusing Touch          Hex            #.....       56%         1    ##.....
 Confuse                  Hex            #.......     90%         3    ####...
 Gell's Gravitas          Tloc           #.........   90%         3    ####...
 Petrify                  Tmut/Erth      #.......     100%        4    #####..
 Metabolic Englaciation   Hex/Ice        #.........   100%        5    ######.
 Yara's Violent Unravell  Hex/Tmut       #.........   100%        5    ######.


Dungeon Overview and Level Annotations

Branches:
Dungeon (5/15)             Temple (0/1) D:5

Altars:
Dithmenos
Hepliaklqana
Kikubaaqudgha
Qazlal


Innate Abilities, Weirdness & Mutations

You have hooves in place of feet.
Armour fits poorly on your strangely shaped body.
You cover ground very quickly.
You have extremely tough skin. (AC +3)


Message History

The crocodile bites you!
You hit the crocodile.
You kick the crocodile, but do no damage.
The crocodile is almost dead.
The crocodile bites you!
You closely miss the crocodile. Your kick misses the crocodile.
The crocodile is almost dead.
The crocodile bites you but does no damage.
You hit the crocodile.
The crocodile is almost dead.
The crocodile bites you!
* * * LOW HITPOINT WARNING * * *
You hit the crocodile but do no damage.
The crocodile is almost dead.
The crocodile bites you.
* * * LOW HITPOINT WARNING * * *
It was a potion of agility.
You feel agile all of a sudden. The crocodile bites you!
You die...

##...## ##.## #.#
#.# #.# ###### #.#
#.....# #.# ......$
#######.####.....$%
...........@t....%$
############.....$%
......$ #.....#
######


You could see a crocodile.

Vanquished Creatures
  2 phantoms (D:4)
  A scorpion (D:4)
  A howler monkey (D:4)
  A hound (D:4)
  2 orc wizards (D:4)
  A centaur skeleton (D:4)
  A worker ant (D:5)
  Robin (D:2)
  8 adders
  An ooze (D:2)
  An adder skeleton (D:4)
  2 worms (D:5)
  4 leopard geckos
  6 orcs
  16 bats
  7 giant cockroaches
  13 goblins
  7 hobgoblins
  10 jackals
  2 quokkas
  4 frilled lizards
  14 kobolds
  7 rats
112 creatures vanquished.

Notes
Turn   | Place    | Note
-------+----------+-------------------------------------------
     0 | Abyss:1  | Gargoyl the Centaur Abyssal Knight began the quest for the
                  | Orb.
     0 | Abyss:1  | Reached XP level 1. HP: 19/19 MP: 2/2
    35 | Abyss:2  | Noticed a small abomination
    63 | Abyss:2  | Noticed a spatial maelstrom
    66 | D:1      | Escaped the Abyss
   165 | D:1      | Reached * piety under Lugonu
   183 | D:1      | Reached XP level 2. HP: 26/26 MP: 3/3
   311 | D:1      | Reached skill level 1 in Dodging
   362 | D:1      | Reached XP level 3. HP: 30/31 MP: 4/4
   480 | D:1      | Reached ** piety under Lugonu
   768 | D:2      | Reached XP level 4. HP: 25/38 MP: 5/5
  1171 | D:3      | Noticed Robin
  1346 | D:2      | Killed Robin
  1371 | D:3      | Reached *** piety under Lugonu
  1413 | D:3      | Found a stormy altar of Qazlal.
  1437 | D:3      | Reached XP level 5. HP: 43/45 MP: 7/7
  1824 | D:4      | Found an ancient bone altar of Kikubaaqudgha.
  1824 | D:4      | Noticed a phantom
  1937 | D:4      | Killed a phantom
  2045 | D:4      | Reached XP level 6. HP: 46/51 MP: 8/8
  2174 | D:4      | Found a shadowy altar of Dithmenos.
  2211 | D:4      | Got a transparent ring mail
  2222 | D:4      | Identified the cursed +1 ring mail of Beyond {Dex+3} (You
                  | found it on level 4 of the Dungeon)
  2597 | D:4      | Found a hazy altar of Hepliaklqana.
  2654 | D:4      | Reached XP level 7. HP: 52/58 MP: 9/9
  2824 | D:5      | Entered Level 5 of the Dungeon
  2885 | D:5      | Found a glowing drain.
  2896 | Sewer    | Entered a sewer
  2955 | Sewer    | Slain by a crocodile

Levels and vault maps discovered:
D:1:      dpeg_arrival_fog, layout_rooms
D:2:      layout_rooms, first_ration
D:3:      layout_rooms, old_standard_altar, uniq_robin
D:4:      layout_loops_ring, kennysheep_mini_moat, old_standard_altar,
          nicolae_dithmenos_the_darkroom
D:5:      layout_basic, minmay_temple_entry_ruins, basic_altar,
          lightli_sewer_entry_pipes, nemelex_dance_club_becter,
          uniq_blork_the_orc
Sewer:    sewer_big_baddie

Skill      XL: |  1  2  3  4  5  6 |
---------------+-------------------+-----
Axes           | 2 3 |  3.8
Dodging        | 1 2 |  2.3
Armour         | 2 3 |  3.5
Invocations    | 3 |  3.8
Fighting       | |  3.9

Action                   |  1- 3 |  4- 6 |  7- 9 || total
-------------------------+-------+-------+-------++-------
Melee: Hand axe          |   113 |   187 |    55 ||   355
       Kick              |    12 |    33 |    16 ||    61
Invok: Depart the Abyss  |     1 |       |       ||     1
  Use: Scroll            |     3 |     4 |     2 ||     9
       Potion            |       |       |     1 ||     1
  Eat: Chunk             |       |     4 |     1 ||     5
Armor: Leather armour    |    11 |       |       ||    11
       Ring mail         |    84 |   115 |    40 ||   239
Dodge: Dodged            |    68 |    98 |    50 ||   216

Table legend:
 A = Non-vault XP
 B = Vault XP
 C = Vault XP percentage of total XP
 D = Non-vault monster count
 E = Vault monster count
 F = Vault count percentage of total count
                 A         B        C        D         E       F
            +---------+---------+-------+---------+---------+-------
      Total |     788 |      81 |   9.3 |      88 |      24 |  21.4
            +---------+---------+-------+---------+---------+-------
        D:1 |      56 |       0 |   0.0 |      34 |       0 |   0.0
        D:2 |      70 |      21 |  23.1 |      16 |       4 |  20.0
        D:3 |      50 |      17 |  25.4 |      19 |       9 |  32.1
        D:4 |     580 |       0 |   0.0 |      18 |       0 |   0.0
        D:5 |      32 |      38 |  54.3 |       1 |       6 |  85.7
      Sewer |       0 |       5 | 100.0 |       0 |       5 | 100.0
            +---------+---------+-------+---------+---------+-------
